[Event "Titled Tuesday Blitz January 31 Early 2023"]
[White "Begunov, Konstantin"]
[Black "Corredor Castellanos, Camilo"]
[WhiteFideId "4118510"]
[BlackFideId "4425871"]
[WhiteElo "2325"]
[BlackElo "1957"]
[Result "1-0"]
[Round "07"]
[TimeControl "180+2"]
[Date "2023.01.31"]
[WhiteClock "0:00:11"]
[BlackClock "0:00:08"]

1. d4 Nf6 2. c4 e6 3. Nf3 d5 4. Nc3 Bb4 5. cxd5 exd5 6. Qa4+ Nc6 7. Ne5 Bxc3+ 8. bxc3 Bd7 9. Nxd7 Qxd7 10. Ba3 Ne4 11. e3 Nxc3 12. Qb3 Ne4 13. Qxb7 Rb8 14. Qa6 Rb6 15. Qa4 Nb4 16. Qb3 a5 17. Be2 Nxf2 18. Kxf2 Qf5+ 19. Kg1 O-O 20. Rf1 Qe6 21. Bf3 a4 22. Qc3 Nxa2 23. Qd2 Rfb8 24. Re1 Nb4 25. h4 Nc6 26. Rh3 Rb3 27. Bc5 Ne7 28. Rg3 Nf5 29. Rg5 Rb2 30. Qd3 g6 31. h5 R8b3 32. Qf1 h6 33. Rg4 g5 34. e4 Nh4 35. exd5 Nxf3+ 36. gxf3 Qxd5 37. Rge4 Qf5 38. Re8+ Kh7 39. R8e5 Qf6 40. R5e3 Rb8 41. Be7 Qf5 42. Qd3 Qxd3 43. Rxd3 R2b3 44. Ree3 Rb1+ 45. Kf2 Ra8 46. Re2 Rh1 47. Ke3 Rxh5 48. Kd2 Kg6 49. Ba3 Rh3 50. Rc3 Rd8 51. Rxc7 Rxd4+ 52. Ke1 Rf4 53. Rc6+ f6 54. Bc1 Rhxf3 55. Bxf4 Rxf4 56. Ra2 h5 57. Ra6 h4 58. R6xa4 Rf5 59. Ke2 Re5+ 60. Kf3 Rf5+ 61. Kg4 Rf1 62. Re2 Rg1+ 63. Kh3 Rg3+ 64. Kh2 Rb3 65. Rg2 Rf3 66. Ra6 Rf5 67. Kg1 Rf4 68. Rf2 Rg4+ 69. Kh2 Kh5 70. Rfxf6 Rd4 71. Rf2 Kg4 72. Rg2+ Kh5 73. Ra5 1-0


[Site "https://www.chess.com"]

[Event "Titled Tuesday Blitz January 31 Early 2023"]
[White "Osmonbekov, Talaibek"]
[Black "Kostiukov, Alexandr"]
[WhiteFideId "2017253"]
[BlackFideId "14108100"]
[WhiteElo "2137"]
[BlackElo "2271"]
[Result "1-0"]
[Round "07"]
[TimeControl "180+2"]
[Date "2023.01.31"]
[WhiteClock "0:00:09"]
[BlackClock "0:00:03"]

1. d4 g6 2. h4 h5 3. Bf4 Bg7 4. Nc3 c5 5. e3 cxd4 6. exd4 Nc6 7. Nf3 Nf6 8. d5 Nb4 9. d6 O-O 10. Be2 Nc6 11. O-O Re8 12. Bc4 exd6 13. Qxd6 Qe7 14. Ng5 Nd8 15. Qd3 Ne6 16. Bd6 Qd8 17. Rfe1 Qb6 18. Na4 Qa5 19. Nc5 b6 20. b4 Qxb4 21. Ncxe6 Qa5 22. Nxg7 Kxg7 23. Rxe8 Nxe8 24. Re1 Nf6 25. Nxf7 Qxe1+ 26. Kh2 Qe8 27. Ne5 Bb7 28. Bf7 Qh8 29. Qxg6# 1-0


[Site "https://www.chess.com"]

[Event "Titled Tuesday Blitz January 31 Early 2023"]
[White "Rosenberg, Evan S"]
[Black "ritanovikova"]
[WhiteFideId "2019299"]
[WhiteElo "1956"]
[BlackElo "2206"]
[Result "1-0"]
[Round "07"]
[TimeControl "180+2"]
[Date "2023.01.31"]
[WhiteClock "0:00:50"]
[BlackClock "0:00:23"]

1. d4 Nf6 2. Nf3 e6 3. g3 b6 4. Bg2 Bb7 5. O-O Be7 6. c4 O-O 7. Nc3 d5 8. cxd5 exd5 9. Bf4 Bd6 10. Bxd6 Qxd6 11. Rc1 a6 12. Ne5 Nbd7 13. Nd3 Rfe8 14. e3 Ne4 15. Qc2 Rac8 16. Rfd1 Ndf6 17. Nf4 Nxc3 18. Qxc3 g5 19. Nd3 Re7 20. b4 Rce8 21. Ne5 h6 22. a3 Kg7 23. Rd2 Rc8 24. Bh3 Rce8 25. Rdc2 h5 26. Bf5 Bc8 27. Qd3 Bxf5 28. Qxf5 Kh6 29. Rc6 Rxe5 30. dxe5 Rxe5 31. Qxf6+ Qxf6 32. Rxf6+ Kg7 33. Rfc6 1-0


[Site "https://www.chess.com"]

[Event "Titled Tuesday Blitz January 31 Early 2023"]
[White "Clawitter, Craig"]
[Black "Petrova, Irina"]
[WhiteFideId "2023105"]
[BlackFideId "14124122"]
[WhiteElo "2050"]
[BlackElo "2108"]
[Result "0-1"]
[Round "07"]
[TimeControl "180+2"]
[Date "2023.01.31"]
[WhiteClock "0:00:09"]
[BlackClock "0:00:27"]

1. e4 d6 2. d4 Nf6 3. Nc3 e5 4. Nf3 Nbd7 5. Be3 Be7 6. Qd2 c6 7. h3 Qc7 8. O-O-O O-O 9. g4 exd4 10. Nxd4 Nc5 11. Bd3 b5 12. g5 Nfd7 13. f4 b4 14. Nce2 Nxd3+ 15. cxd3 a5 16. Kb1 Ba6 17. Rc1 Nc5 18. Nf5 Bxd3+ 19. Ka1 Bxe4 20. Neg3 a4 21. Bxc5 Bxf5 22. Nxf5 dxc5 23. Rhe1 Rfe8 24. Qe2 Bf8 25. Qxe8 Rxe8 26. Rxe8 g6 27. Ne7+ Kg7 28. Re1 Qxf4 29. Nxc6 a3 30. bxa3 bxa3 31. Ne5 Qd4+ 0-1


[Site "https://www.chess.com"]

[Event "Titled Tuesday Blitz January 31 Early 2023"]
[White "Hrbek, Stepan"]
[Black "Balint, Vilmos"]
[WhiteFideId "393479"]
[BlackFideId "718050"]
[WhiteElo "2306"]
[BlackElo "2169"]
[Result "1-0"]
[Round "07"]
[TimeControl "180+2"]
[Date "2023.01.31"]
[WhiteClock "0:01:21"]
[BlackClock "0:01:13"]

1. d4 Nf6 2. Nf3 e6 3. Bf4 d5 4. e3 Be7 5. Nbd2 O-O 6. Bd3 Nbd7 7. Ne5 c5 8. c3 Nxe5 9. dxe5 Nd7 10. h4 f5 11. h5 a6 12. Rg1 b5 13. g4 Nb6 14. gxf5 exf5 15. Nf3 Kh8 16. Ng5 h6 17. Nh3 Nc4 18. Qf3 Nxb2 19. Bc2 Qa5 20. Rg6 Qxc3+ 21. Kf1 Nc4 22. Qg3 Qxa1+ 23. Kg2 Nxe5 24. Bxe5 f4 25. Rxh6+ Kg8 26. Qxg7# 1-0


[Site "https://www.chess.com"]

[Event "Titled Tuesday Blitz January 31 Early 2023"]
[White "Ruiz Aguilar, Pablo Alexander"]
[Black "Ardila, Oscar Humberto"]
[WhiteFideId "4401352"]
[BlackFideId "4404742"]
[WhiteElo "2161"]
[BlackElo "1982"]
[Result "1-0"]
[Round "07"]
[TimeControl "180+2"]
[Date "2023.01.31"]
[WhiteClock "0:00:17"]
[BlackClock "0:00:08"]

1. e4 e5 2. Nf3 Nf6 3. d4 Nxe4 4. Nxe5 d6 5. Nf3 Nf6 6. Bd3 Be7 7. O-O O-O 8. c4 Bg4 9. h3 Bh5 10. Nc3 Nbd7 11. Re1 Re8 12. Bf4 Nf8 13. g4 Bg6 14. Bf1 Qd7 15. Bg3 h5 16. g5 N6h7 17. h4 f6 18. gxf6 Bxf6 19. Kh2 Rxe1 20. Nxe1 Qe7 21. Nf3 Bf5 22. Bg2 Bg4 23. Qd3 c6 24. Re1 Qf7 25. Ne4 Rd8 26. Neg5 Bxg5 27. Nxg5 Nxg5 28. hxg5 Ne6 29. g6 Qf6 30. d5 Bf5 31. Qf3 cxd5 32. Qxd5 Qxg6 33. Bh3 Bxh3 34. Kxh3 Qg4+ 35. Kh2 Re8 36. Re4 Qg6 37. f4 Qf7 38. f5 Nc7 39. Qxb7 Rxe4 40. Qxe4 Ne8 41. Qe6 Kf8 42. Bh4 Qc7 43. Kg2 Qc6+ 44. Qd5 Qxd5+ 45. cxd5 Kf7 46. Kf3 Nc7 47. Ke4 Ke8 48. a4 Kd7 49. b4 Na6 50. Be1 Nc7 51. Bc3 Ne8 52. Kf4 Ke7 53. Kg5 Kf7 54. Kxh5 Nc7 55. Kg5 Nxd5 56. Bd2 Nb6 57. a5 Nc4 58. Bc3 Nb6 59. axb6 axb6 60. b5 d5 61. Be5 1-0


[Site "https://www.chess.com"]

[Event "Titled Tuesday Blitz January 31 Early 2023"]
[White "Thomas, Anysia"]
[Black "Player, Edmund C"]
[WhiteFideId "670472"]
[BlackFideId "406520"]
[WhiteElo "2147"]
[BlackElo "2204"]
[Result "1-0"]
[Round "07"]
[TimeControl "180+2"]
[Date "2023.01.31"]
[WhiteClock "0:00:07"]
[BlackClock "0:00:16"]

1. d4 Nf6 2. c4 g6 3. Nc3 d5 4. cxd5 Nxd5 5. e4 Nxc3 6. bxc3 Bg7 7. Be3 c5 8. Nf3 Nc6 9. Qd2 Qa5 10. Rb1 cxd4 11. cxd4 Qxd2+ 12. Kxd2 b6 13. Bb5 Bd7 14. Rhc1 Na5 15. Rc7 Bxb5 16. Rxb5 e6 17. d5 exd5 18. Rxd5 O-O 19. Rdd7 Rfd8 20. Rxa7 Nc4+ 21. Ke2 Nxe3 22. Kxe3 Rxa7 23. Rxa7 Bf8 24. Ng5 Bc5+ 25. Kf3 Rf8 26. h4 h6 27. Nh3 Rd8 28. Nf4 Rd2 29. Nh3 Rd1 30. a4 Ra1 31. Nf4 b5 32. Ra8+ Kg7 33. Rc8 Bd6 34. axb5 Ra3+ 35. Kg4 h5+ 36. Nxh5+ gxh5+ 37. Kxh5 Rb3 38. Rc6 Rb4 39. Rxd6 Rxb5+ 40. Rd5 Rb2 41. Rg5+ Kf6 42. f3 Rb8 43. Kg4 Rh8 44. Rf5+ Ke6 45. h5 f6 46. Kf4 Rg8 47. g4 Ra8 48. h6 Ra7 49. h7 Rxh7 50. g5 Rh4+ 51. Ke3 fxg5 52. Rxg5 Rh3 53. Rg6+ Ke5 54. Rg5+ Ke6 55. Rf5 Rh1 56. Ra5 Re1+ 57. Kf4 Rf1 58. Ra6+ Ke7 59. Rh6 Rb1 60. Kf5 Rb5+ 61. e5 Rb3 62. f4 Kf8 63. Rh7 Kg8 64. Rc7 Rd3 65. Kf6 Rf3 66. f5 Rh3 67. e6 Rg3 68. Rc8+ Kh7 69. e7 Rb3 70. e8=Q Rb6+ 71. Ke5 Re6+ 72. Kxe6 Kg7 73. Qg6# 1-0


[Site "https://www.chess.com"]

[Event "Titled Tuesday Blitz January 31 Early 2023"]
[White "Schut, Han"]
[Black "Michalski, Olaf"]
[WhiteFideId "1005561"]
[BlackFideId "1106740"]
[WhiteElo "2101"]
[BlackElo "2273"]
[Result "0-1"]
[Round "07"]
[TimeControl "180+2"]
[Date "2023.01.31"]
[WhiteClock "0:00:03"]
[BlackClock "0:00:47"]

1. e4 c5 2. Nf3 a6 3. c4 Nc6 4. Nc3 e5 5. Be2 d6 6. Nd5 Be6 7. d3 b5 8. O-O Bxd5 9. exd5 Nce7 10. b4 bxc4 11. dxc4 cxb4 12. c5 Nf6 13. Qa4+ Qd7 14. c6 Qc7 15. Bg5 Nexd5 16. Bxf6 Nc3 17. Qc2 gxf6 18. a3 d5 19. axb4 Bxb4 20. Bd3 e4 21. Rfe1 O-O 22. Bxe4 Nxe4 23. Rxe4 dxe4 24. Qxe4 Bc3 25. Rc1 Be5 26. Nh4 f5 27. Nxf5 f6 28. Qg4+ Kh8 29. f4 Rg8 30. Qf3 Bxf4 31. g3 Bxc1 32. Nh6 Bxh6 33. Qxf6+ Bg7 0-1


[Site "https://www.chess.com"]

[Event "Titled Tuesday Blitz January 31 Early 2023"]
[White "Ricaurte Lopez, Juan Carlos"]
[Black "Onslow, Alfie"]
[WhiteFideId "3600327"]
[BlackFideId "436976"]
[WhiteElo "2226"]
[BlackElo "2157"]
[Result "0-1"]
[Round "07"]
[TimeControl "180+2"]
[Date "2023.01.31"]
[WhiteClock "0:00:02"]
[BlackClock "0:00:54"]

1. e4 c5 2. d4 cxd4 3. c3 Nf6 4. e5 Nd5 5. Qxd4 e6 6. Nf3 d6 7. exd6 Nc6 8. Qe4 Bxd6 9. Bd3 Qf6 10. O-O h6 11. Re1 Nf4 12. Bc2 Bd7 13. Nbd2 O-O-O 14. Nc4 Bc7 15. Nce5 Nxe5 16. Nxe5 Bxe5 17. Qxe5 Qxe5 18. Rxe5 Nd5 19. Bd2 Bc6 20. Bb3 Nf6 21. Be3 Ng4 22. Rc5 Nxe3 23. fxe3 Rd2 24. Kf1 Kb8 25. Rd1 Rhd8 26. Ke1 Rxd1+ 27. Bxd1 Bxg2 28. a4 Be4 29. Be2 b6 30. Rc4 f5 31. a5 Kb7 32. a6+ Kb8 33. Rd4 Rxd4 34. cxd4 Kc7 35. Bb5 Kd6 36. Kf2 g5 37. Kg3 Bc6 0-1


[Site "https://www.chess.com"]

[Event "Titled Tuesday Blitz January 31 Early 2023"]
[White "Koridze, Lile"]
[Black "Winkels, Marcel"]
[WhiteFideId "13612514"]
[BlackFideId "1003887"]
[WhiteElo "2191"]
[BlackElo "1960"]
[Result "1-0"]
[Round "07"]
[TimeControl "180+2"]
[Date "2023.01.31"]
[WhiteClock "0:00:57"]
[BlackClock "0:00:31"]

1. d4 Nf6 2. c4 g6 3. Nc3 d5 4. Nf3 Bg7 5. Bg5 O-O 6. Bxf6 Bxf6 7. cxd5 c6 8. dxc6 Nxc6 9. e3 Qa5 10. Be2 e5 11. O-O exd4 12. exd4 Rd8 13. d5 Ne5 14. Qb3 Bf5 15. Rad1 Nd7 16. Nd4 Nc5 17. Qc4 Na6 18. Nxf5 gxf5 19. Bf3 Qc5 20. Qf4 Qc8 21. d6 Nc5 22. Nd5 Kg7 23. Qg3+ 1-0


[Site "https://www.chess.com"]

[Event "Titled Tuesday Blitz January 31 Early 2023"]
[White "Zaichenko, Daria"]
[Black "Bongo Akanga Ndjila, Barthelemy"]
[WhiteFideId "4197453"]
[BlackFideId "10609431"]
[WhiteElo "2104"]
[BlackElo "1824"]
[Result "1-0"]
[Round "07"]
[TimeControl "180+2"]
[Date "2023.01.31"]
[WhiteClock "0:00:26"]
[BlackClock "0:00:01"]

1. e4 e6 2. d4 d5 3. Bd3 Nf6 4. e5 Nfd7 5. f4 c5 6. c3 Nc6 7. Nf3 a6 8. Be3 b5 9. Nbd2 Qb6 10. O-O h6 11. a4 Bb7 12. Kh1 cxd4 13. cxd4 Rc8 14. axb5 axb5 15. Qb3 Nb4 16. Rac1 Nxd3 17. Qxd3 Be7 18. Rxc8+ Bxc8 19. f5 O-O 20. f6 gxf6 21. Bxh6 Rd8 22. Nh4 Bf8 23. Qg3+ Kh7 24. Bxf8 Rxf8 25. exf6 Rg8 26. Qd3+ Kh6 27. Rf3 Rg4 28. Rh3 Rxh4 29. Rxh4+ Kg5 30. Qg3+ Kxf6 31. Rf4+ Ke7 32. Qg7 Kd8 33. Rxf7 Kc7 34. Nb3 Qa6 35. h3 Qa4 36. Nc5 Qd1+ 37. Kh2 Kb6 38. Nxd7+ Bxd7 39. Rxd7 Ka5 40. Qe7 Qxd4 41. Ra7+ 1-0


[Site "https://www.chess.com"]

[Event "Titled Tuesday Blitz January 31 Early 2023"]
[White "Mosquera, Miguel"]
[Black "Adithya A Chullikkad"]
[WhiteFideId "4401131"]
[BlackFideId "45078734"]
[WhiteElo "2371"]
[BlackElo "2259"]
[Result "1-0"]
[Round "07"]
[TimeControl "180+2"]
[Date "2023.01.31"]
[WhiteClock "0:01:24"]
[BlackClock "0:00:55"]

1. e4 c5 2. Nf3 d6 3. d4 cxd4 4. Nxd4 Nf6 5. Nc3 a6 6. Be3 e5 7. Nb3 Be6 8. Nd5 Nxe4 9. Bb6 Qh4 10. Nc7+ Ke7 11. Nxa8 Nd7 12. Be3 f5 13. g3 Qf6 14. Bg2 g5 15. Nc7 h5 16. Nd5+ Bxd5 17. Qxd5 h4 18. O-O-O hxg3 19. hxg3 Rxh1 20. Rxh1 Bg7 21. Bxe4 fxe4 22. Qxe4 Nf8 23. Qxb7+ Nd7 24. Rd1 e4 25. Nc5 Qxb2+ 26. Qxb2 Bxb2+ 27. Kxb2 dxc5 28. Bxg5+ Ke6 29. Rxd7 Kxd7 30. Be3 Kc6 31. g4 Kd5 32. g5 Ke6 33. Bxc5 Kf5 34. Be3 Kg6 35. Kc3 Kf5 36. a4 Kg6 37. a5 Kf5 38. Kc4 Kg6 39. Kc5 Kf5 40. Kb6 Kg6 41. Kxa6 Kf5 42. Kb6 Kg6 43. a6 Kf5 44. a7 Kg6 45. a8=Q Kf5 46. Qd5+ Kg6 47. Qxe4+ Kg7 48. Bd4+ Kf7 49. g6+ Kg8 50. Qe8# 1-0


[Site "https://www.chess.com"]

[Event "Titled Tuesday Blitz January 31 Early 2023"]
[White "De Souza, Cristiano Gomes"]
[Black "Hertlein, Irena"]
[WhiteFideId "2151758"]
[BlackFideId "21817618"]
[WhiteElo "2018"]
[BlackElo "1994"]
[Result "0-1"]
[Round "07"]
[TimeControl "180+2"]
[Date "2023.01.31"]
[WhiteClock "0:00:25"]
[BlackClock "0:00:08"]

1. d4 Nf6 2. c4 e6 3. Nf3 c5 4. d5 b5 5. dxe6 fxe6 6. cxb5 d5 7. g3 a6 8. bxa6 Be7 9. Bh3 O-O 10. O-O Qe8 11. Nc3 Qh5 12. Kg2 Nc6 13. e4 dxe4 14. Ng5 Qxd1 15. Rxd1 Nd4 16. Be3 e5 17. Bxc8 Rfxc8 18. Ngxe4 Rxa6 19. Nxf6+ gxf6 20. Nd5 Kf7 21. Rdc1 Bd6 22. Bxd4 exd4 23. Kf3 Rca8 24. a3 Rb8 25. Rab1 Ke6 26. Nf4+ Bxf4 27. Kxf4 Kd5 28. Kf5 c4 29. f4 d3 30. g4 Kd4 31. g5 Rb5+ 32. Kg4 fxg5 33. fxg5 Rg6 34. h4 h6 35. Kh5 Rgb6 36. Rg1 hxg5 37. hxg5 Rxb2 38. Rg4+ Kc3 39. Rc1+ Rc2 40. Rh1 d2 41. Rg3+ Kb2 42. g6 Rc1 43. Rgg1 Rb5+ 44. Kh6 Rb6 45. Kh7 Rxg1 46. Rxg1 c3 47. g7 Rb7 48. Kg6 Rxg7+ 49. Kxg7 c2 50. a4 d1=Q 51. Rg6 c1=Q 52. Rb6+ Ka3 53. a5 Qd7+ 54. Kf6 Qc3+ 55. Kg5 Qxa5+ 0-1


[Site "https://www.chess.com"]

[Event "Titled Tuesday Blitz January 31 Early 2023"]
[White "Alhadad, Mahmoud"]
[Black "Kiseleva, Arina"]
[WhiteFideId "11501863"]
[BlackFideId "4164989"]
[WhiteElo "1840"]
[BlackElo "1962"]
[Result "1/2-1/2"]
[Round "07"]
[TimeControl "180+2"]
[Date "2023.01.31"]
[WhiteClock "0:00:10"]
[BlackClock "0:00:07"]

1. e4 c6 2. d4 d5 3. exd5 cxd5 4. Bd3 Nc6 5. c3 Nf6 6. Bf4 Bg4 7. Qb3 Qb6 8. Qxb6 axb6 9. h3 Bh5 10. Na3 e6 11. Nb5 Kd7 12. Ne2 Bg6 13. Kd2 Bxd3 14. Kxd3 Ne4 15. Rhf1 Nd6 16. Bxd6 Bxd6 17. Nxd6 Kxd6 18. f4 g6 19. Ng1 b5 20. a3 Na5 21. Nf3 Nc4 22. Rab1 f6 23. g4 Rhf8 24. h4 e5 25. dxe5+ fxe5 26. fxe5+ Nxe5+ 27. Nxe5 Kxe5 28. Rbe1+ Kd6 29. Kd4 Ra4+ 30. b4 Rxf1 31. Rxf1 Ke6 32. Re1+ Kd6 33. Re5 Rxa3 34. Rxd5+ Kc6 35. Rc5+ Kb6 36. Ke5 Ra1 37. Kf6 Rg1 38. Kg5 Rg3 39. Kf4 Rh3 40. Kg5 Rg3 41. Rc8 h6+ 42. Kf4 Rh3 43. Rg8 Rxh4 44. Rxg6+ Kc7 45. Kg3 Rh1 46. Kg2 Rc1 47. Rxh6 Rxc3 48. Rh5 Kb6 49. Rc5 Rxc5 50. bxc5+ Kxc5 51. Kf2 Kd6 52. Ke3 Ke5 53. Kd3 Kf4 54. Kc3 Kxg4 55. Kb4 Kf5 56. Kxb5 Ke6 57. Kb6 Kd7 58. Kxb7 1/2-1/2


[Site "https://www.chess.com"]

[Event "Titled Tuesday Blitz January 31 Early 2023"]
[White "Mladek, Richard"]
[Black "Hartikainen, Jarmo"]
[WhiteFideId "386588"]
[BlackFideId "503134"]
[WhiteElo "2436"]
[BlackElo "2108"]
[Result "1-0"]
[Round "07"]
[TimeControl "180+2"]
[Date "2023.01.31"]
[WhiteClock "0:00:43"]
[BlackClock "0:00:02"]

1. e4 c5 2. Nf3 e6 3. d4 cxd4 4. Nxd4 Nc6 5. Nc3 Qc7 6. Be3 a6 7. Qf3 h5 8. O-O-O h4 9. g4 b5 10. Bg2 Bb7 11. h3 d6 12. Kb1 Be7 13. g5 Ne5 14. Qe2 O-O-O 15. f4 Nc4 16. Ndxb5 axb5 17. Nxb5 Nxe3 18. Nxc7 Nxd1 19. Nb5 Nxb2 20. Kxb2 f6 21. Qc4+ Kd7 22. Qc7+ Ke8 23. Qxb7 fxg5 24. e5 d5 25. fxg5 Rh5 26. Qc6+ Kf7 27. Rf1+ Kg6 28. Qxe6+ Kh7 29. Qf5+ Kh8 30. Nd6 Bxd6 31. exd6 Rxd6 32. Bf3 Rb6+ 33. Kc1 Rh7 34. Bxd5 Rb8 35. Be4 Rh5 36. Qg6 1-0


[Site "https://www.chess.com"]

[Event "Titled Tuesday Blitz January 31 Early 2023"]
[White "Dilmukhametov, Artur"]
[Black "Wartiovaara, Oliver"]
[WhiteFideId "24179922"]
[BlackFideId "513024"]
[WhiteElo "2276"]
[BlackElo "2264"]
[Result "0-1"]
[Round "07"]
[TimeControl "180+2"]
[Date "2023.01.31"]
[WhiteClock "0:01:44"]
[BlackClock "0:02:12"]

1. d4 d5 2. Nc3 c6 3. Bf4 Nf6 4. e3 Bg4 5. f3 Bh5 6. g4 Bg6 7. h4 h5 8. g5 Nfd7 9. Qd2 e5 10. dxe5 Qe7 11. O-O-O Nxe5 12. Nge2 Nc4 13. Qe1 Qb4 14. Na4 Qxa4 15. Qc3 Qxa2 16. b3 Ba3+ 0-1


[Site "https://www.chess.com"]

[Event "Titled Tuesday Blitz January 31 Early 2023"]
[White "Mesa Cruz, Juan Carlos"]
[Black "MunichMouse"]
[WhiteFideId "6423400"]
[WhiteElo "2122"]
[BlackElo "2204"]
[Result "0-1"]
[Round "07"]
[TimeControl "180+2"]
[Date "2023.01.31"]
[WhiteClock "0:00:31"]
[BlackClock "0:01:23"]

1. e4 c5 2. Nf3 d6 3. d4 cxd4 4. Nxd4 Nf6 5. Nc3 a6 6. Bg5 e6 7. f4 Be7 8. Qf3 Qc7 9. O-O-O Nc6 10. g4 h6 11. Bxf6 Bxf6 12. Nxc6 Qxc6 13. Rd3 b5 14. h4 Bb7 15. g5 Bxc3 16. Rxc3 Qxe4 17. Qxe4 Bxe4 18. Rhh3 Kd7 19. Rhe3 d5 20. Rc5 Rac8 21. Rxc8 Kxc8 22. c3 hxg5 23. hxg5 Rh1 24. Re1 Bg2 25. Bxg2 Rxe1+ 26. Kc2 Re2+ 27. Kb3 Rxg2 28. Kb4 Rxb2+ 29. Ka5 Kb7 30. a3 Rb3 31. g6 fxg6 32. f5 gxf5 33. c4 dxc4 34. a4 Ra3 35. Kb4 Rxa4+ 36. Kc5 Kc7 37. Kd4 Kd6 38. Ke3 e5 39. Kf2 Ra3 40. Ke1 g5 41. Kd2 b4 42. Kc1 Ra2 43. Kb1 b3 44. Kc1 a5 45. Kb1 e4 46. Kc1 g4 47. Kb1 g3 48. Kc1 g2 49. Kb1 f4 50. Kc1 f3 51. Kb1 f2 52. Kc1 e3 53. Kb1 c3 54. Kc1 e2 55. Kb1 a4 56. Kc1 Ra1# 0-1


[Site "https://www.chess.com"]

[Event "Titled Tuesday Blitz January 31 Early 2023"]
[White "Quirke, Jeffrey"]
[Black "Levine, David"]
[WhiteFideId "2013029"]
[BlackFideId "2011611"]
[WhiteElo "2007"]
[BlackElo "2040"]
[Result "1-0"]
[Round "07"]
[TimeControl "180+2"]
[Date "2023.01.31"]
[WhiteClock "0:00:02"]
[BlackClock "0:00:01"]

1. e4 e5 2. Nf3 Nc6 3. Bc4 Nf6 4. d4 exd4 5. e5 d5 6. Bb5 Ne4 7. Nxd4 Bc5 8. O-O Bd7 9. Bxc6 bxc6 10. f3 Ng5 11. f4 Ne4 12. Be3 f6 13. Nd2 Nxd2 14. Qxd2 Bb6 15. e6 Bc8 16. Nxc6 Qd6 17. Nd4 O-O 18. f5 c5 19. Nb5 Qc6 20. Bf4 Bb7 21. Nd6 Ba6 22. Rfe1 Bc7 23. Nf7 Bb6 24. Kh1 d4 25. Qf2 Bb7 26. Qg3 Rxf7 27. exf7+ Kxf7 28. Re6 Qd5 29. Rae1 Bd8 30. Rd6 Qxf5 31. Kg1 g5 32. Bd2 Bc7 33. Rf1 Qe4 34. Rfxf6+ Ke7 35. Qxg5 1-0


[Site "https://www.chess.com"]

[Event "Titled Tuesday Blitz January 31 Early 2023"]
[White "Caruana, Fabiano"]
[Black "Rasulov, Vugar"]
[WhiteFideId "2020009"]
[BlackFideId "13402390"]
[WhiteElo "2764"]
[BlackElo "2523"]
[Result "1-0"]
[Round "08"]
[TimeControl "180+2"]
[Date "2023.01.31"]
[WhiteClock "0:00:40"]
[BlackClock "0:00:02"]

1. c4 g6 2. Nc3 Bg7 3. g3 c5 4. Bg2 Nc6 5. e3 Nh6 6. Nge2 Nf5 7. O-O O-O 8. b3 d6 9. Bb2 h5 10. h3 a6 11. Rb1 Rb8 12. d3 Bd7 13. Qd2 b5 14. Ne4 Qa5 15. Bc3 Bxc3 16. N2xc3 Rfe8 17. Qe2 Ne5 18. f4 Nc6 19. Nd5 Red8 20. g4 hxg4 21. hxg4 Ng7 22. Bf3 Be6 23. Nef6+ exf6 24. Nxf6+ Kf8 25. Bxc6 bxc4 26. dxc4 Qc7 27. Bf3 Qe7 28. Qb2 Bxc4 29. Rfe1 Bd3 30. Rbd1 c4 31. Kg2 d5 32. Rh1 Qe6 33. Qa3+ Qd6 34. Rh8+ Ke7 35. Nxd5+ Ke6 36. Qxd6+ Kxd6 37. Rxd8+ Rxd8 38. bxc4 Bc2 39. Rd2 Bb1 40. Nc3+ 1-0


[Site "https://www.chess.com"]

[Event "Titled Tuesday Blitz January 31 Early 2023"]
[White "Bluebaum, Matthias"]
[Black "Nakamura, Hikaru"]
[WhiteFideId "24651516"]
[BlackFideId "2016192"]
[WhiteElo "2669"]
[BlackElo "2775"]
[Result "1/2-1/2"]
[Round "08"]
[TimeControl "180+2"]
[Date "2023.01.31"]
[WhiteClock "0:00:05"]
[BlackClock "0:00:03"]

1. d4 f5 2. Bf4 d6 3. Nf3 Nf6 4. h3 g6 5. e3 Bg7 6. c4 e6 7. Nc3 Nc6 8. Bh2 O-O 9. Qb3 Kh8 10. Be2 Qe7 11. O-O b6 12. Rad1 Bb7 13. Qc2 Nd8 14. b4 Nf7 15. a4 a5 16. b5 g5 17. d5 e5 18. Qxf5 g4 19. Ng5 Bc8 20. Ne6 gxh3 21. gxh3 Nd8 22. Qf3 Nxe6 23. dxe6 Bxe6 24. Kh1 Ng4 25. Qg2 Nxh2 26. Kxh2 Rg8 27. Nd5 Qf7 28. Bg4 Bxg4 29. Qxg4 e4 30. Qxe4 Rae8 31. Qh1 Qf5 32. f4 Bf6 33. Qf3 Bh4 34. Rg1 Qc2+ 35. Kh1 Qxc4 36. Qh5 Qe4+ 37. Kh2 Qc2+ 38. Kh1 Qe4+ 39. Kh2 Ref8 40. Qxh4 Qc2+ 41. Kh1 Qe4+ 42. Kh2 Qc2+ 43. Kh1 Qe4+ 44. Kh2 1/2-1/2


[Site "https://www.chess.com"]

[Event "Titled Tuesday Blitz January 31 Early 2023"]
[White "Sanal, Vahap"]
[Black "Andreikin, Dmitry"]
[WhiteFideId "6300545"]
[BlackFideId "4158814"]
[WhiteElo "2600"]
[BlackElo "2729"]
[Result "1-0"]
[Round "08"]
[TimeControl "180+2"]
[Date "2023.01.31"]
[WhiteClock "0:00:11"]
[BlackClock "0:00:03"]

1. e4 e6 2. d4 d5 3. Nd2 c5 4. exd5 exd5 5. Ngf3 Nf6 6. Bb5+ Bd7 7. Bxd7+ Nbxd7 8. O-O Be7 9. dxc5 Nxc5 10. Nb3 O-O 11. Nxc5 Bxc5 12. Bg5 Bb6 13. c3 Re8 14. a4 a6 15. a5 Ba7 16. Bxf6 gxf6 17. Ra4 Re4 18. Re1 f5 19. Nd4 Qg5 20. Rb4 Rae8 21. Rxe4 dxe4 22. Rxb7 Bxd4 23. cxd4 Rc8 24. h4 Qh6 25. Rb6 Qxh4 26. Qd2 f4 27. d5 Re8 28. Rb3 Re5 29. Rb8+ Kg7 30. Qc3 f6 31. Qc7+ Kh6 32. Rh8 Kg6 33. Rg8+ Kf5 34. Qd7+ 1-0


[Site "https://www.chess.com"]

[Event "Titled Tuesday Blitz January 31 Early 2023"]
[White "Chigaev, Maksim"]
[Black "Jobava, Baadur"]
[WhiteFideId "4108116"]
[BlackFideId "13601520"]
[WhiteElo "2628"]
[BlackElo "2578"]
[Result "0-1"]
[Round "08"]
[TimeControl "180+2"]
[Date "2023.01.31"]
[WhiteClock "0:00:07"]
[BlackClock "0:00:25"]

1. e4 d6 2. d4 Nf6 3. Nc3 e5 4. Nf3 Nbd7 5. Rg1 g6 6. g4 Bg7 7. g5 Nh5 8. Be3 O-O 9. Qd2 c6 10. O-O-O Qe7 11. Kb1 Re8 12. Bc4 b5 13. Bb3 a5 14. a4 b4 15. Ne2 Ba6 16. Ng3 Nxg3 17. hxg3 Rad8 18. Rge1 c5 19. dxc5 Nxc5 20. Bxc5 dxc5 21. Bd5 c4 22. Qe3 Qc7 23. Nh2 b3 24. cxb3 Rb8 25. Rc1 Rb4 26. Rc2 Reb8 27. bxc4 Rxa4 28. Ng4 Rab4 29. Nf6+ Bxf6 30. gxf6 Qd6 31. c5 Qxf6 32. c6 Rc8 33. Rd1 Kg7 34. f4 Rc7 35. Qc5 exf4 36. Qxa5 Qd6 37. e5 Qe7 38. gxf4 Bc8 39. Kc1 Bf5 40. Rc3 Ra7 41. Qc5 Qxc5 42. Rxc5 Ra1+ 43. Kd2 Rd4+ 44. Ke3 Raxd1 45. c7 Rxd5 0-1


[Site "https://www.chess.com"]

[Event "Titled Tuesday Blitz January 31 Early 2023"]
[White "Svidler, Peter"]
[Black "Le, Tuan Minh"]
[WhiteFideId "4102142"]
[BlackFideId "12401153"]
[WhiteElo "2683"]
[BlackElo "2542"]
[Result "1/2-1/2"]
[Round "08"]
[TimeControl "180+2"]
[Date "2023.01.31"]
[WhiteClock "0:00:25"]
[BlackClock "0:00:06"]

1. e4 c5 2. Nf3 Nf6 3. e5 Nd5 4. Nc3 e6 5. Nxd5 exd5 6. d4 Nc6 7. dxc5 Bxc5 8. Qxd5 d6 9. exd6 Qb6 10. Bc4 Bxf2+ 11. Kd1 O-O 12. c3 Be6 13. Qb5 Rfd8 14. Qxb6 Bxb6 15. Bxe6 Rxd6+ 16. Kc2 Rxe6 17. Re1 Rxe1 18. Nxe1 Re8 19. Kd1 Ne5 20. Bf4 Ng4 21. Nd3 h6 22. h3 Ne3+ 23. Bxe3 Rxe3 24. Ne1 Rg3 25. Ke2 g5 26. Rd1 f5 27. Rd7 g4 28. hxg4 fxg4 29. Rxb7 h5 30. a4 h4 31. a5 Re3+ 32. Kf1 h3 33. gxh3 gxh3 34. axb6 Rxe1+ 35. Kxe1 h2 36. Rb8+ Kg7 37. bxa7 h1=Q+ 38. Kd2 Qg2+ 39. Kd3 Qd5+ 40. Kc2 Qg2+ 41. Kb3 Qd5+ 42. Kb4 Qd6+ 43. Kb5 Qd7+ 44. Kb6 Qd6+ 45. Kb5 Qd7+ 46. Kb6 Qd6+ 47. Kb5 1/2-1/2


[Site "https://www.chess.com"]